 Dungeon Crawl Stone Soup version 0.28-a0-1524-ge72afd5fc6 (webtiles) character file.

Game seed: 9110684544834061210

9 murtidash the Sneak (level 2, -1/27 HPs)
             Began as a Hill Orc Delver on Jan 18, 2022.
             Slain by an orc wizard (4 damage)
             ... on level 5 of the Dungeon.
             The game lasted 00:00:42 (323 turns).

murtidash the Sneak (Hill Orc Delver)                Turns: 323, Time: 00:00:43

Health: -1/27      AC:  3    Str: 14    XL:     2   Next: 12%
Magic:  2/2        EV: 11    Int: 10    God:
Gold:   16         SH:  0    Dex: 12    Spells: 1/1 levels left

rFire   . . .      SeeInvis .   a - +0 hand axe
rCold   . . .      Faith    .   (no shield)
rNeg    . . .      Spirit   .   b - +0 leather armour
rPois   .          Reflect  .   (no helmet)
rElec   .          Harm     .   (no cloak)
rCorr   .          Rampage  .   (no gloves)
Will    .....                   (no boots)
Stlth   ++........              (no amulet)
HPRegen 0.09/turn               (no ring)
MPRegen 0.08/turn               (no ring)

@: no status effects
A: no striking features
a: no special abilities


You were on level 5 of the Dungeon.
You visited 1 branch of the dungeon, and saw 1 of its levels.

You collected 16 gold pieces.

Inventory:

Hand Weapons
 a - a +0 hand axe (weapon)
Armour
 b - a +0 leather armour (worn)
Wands
 g - a wand of digging (3)
Scrolls
 c - a scroll of fog
 d - a scroll of magic mapping {!r}
 e - a scroll of fear
Potions
 f - a potion of haste
 h - 2 potions of curing {unknown}


   Skills:
 + Level 4.0 Fighting
 + Level 3.2 Axes
 - Level 1.5 Dodging
 - Level 4.1 Stealth


You had one spell level left.
You didn't know any spells.
Your spell library was empty.

Dungeon Overview and Level Annotations

Branches:
Dungeon (5/15)
 Temple: D:4-7

Altars:


Message History

Welcome, murtidash the Hill Orc Delver.
Will you prevail where others failed? Will you find the Orb of Zot?
Found 16 gold pieces.
Found a stone staircase leading down.
Lua error: attempt to yield across metamethod/C-call boundary You now have 16 gold pieces.
A bullfrog skeleton comes into view.
There is a stone staircase leading down here.
You open the door.
There is an open door here.
An adder comes into view.
The adder hisses angrily.
A hound comes into view.
The adder bites you.
You take 2 damage, and have 17/19 hp.
The adder bites you but does no damage. The adder barely misses you.
The adder barely misses you. The adder closely misses you.
The adder closely misses you. The adder bites you but does no damage.
The adder bites you but does no damage. The adder bites you.
You take 4 damage, and have 14/19 hp.
MASSIVE DAMAGE!!
You slash the adder! The adder bites you but does no damage.
The adder bites you.
You are poisoned.
The adder poisons you!
You take 2 damage, and have 12/19 hp.
You hit the adder.
You kill the adder!
You feel sick.
Your Fighting skill increases to level 4!
Your Axes skill increases to level 3!
You have reached level 2!
You regained 3 hp, and now have 15/27 hp.
MP restored: 2 You feel sick.
You feel sick.
You feel sick.
You are no longer poisoned.
A hound is nearby!
You regained 11 hp, and now have 26/27 hp.
Health restored: 27 An iguana comes into view.
You open the door.
There is an open door here.
h - 2 sedimented sapphire potions
There is an open door here. 2 orcs come into view.
The orc shouts!
You hear a shout!
You hear an angry hiss.
An iguana comes into view.
There is an open door here.
Found an escape hatch in the floor.
You open the door.
There is an open door here.
You open the door.
There is an open door here.
An orc comes into view. It is wielding a +0 hand axe.
The orc moves out of view.
The orc shouts!
Found an escape hatch in the ceiling.
An orc wizard comes into view.
It is wielding a +0 dagger and wearing a +2 robe of the Archmagi.
The orc shouts!
The orc wizard shouts!
An orc comes into view. It is wielding a +0 hand axe.
The orc hits you with a +0 hand axe.
You take 4 damage, and have 23/27 hp.
The orc wizard points at you and mumbles some strange words.
The magic dart hits you.
You take 5 damage, and have 18/27 hp.
The orc hits you but does no damage.
The orc wizard points at you and mumbles some strange words.
The magic dart hits you!
A white imp comes into view.
The orc hits you with a +0 mace.
* * * LOW HITPOINT WARNING * * *
There is an escape hatch in the ceiling here.
You take 15 damage, and have 3/27 hp.
MASSIVE DAMAGE!!
You can't go down here!
The orc shouts!
The orc wizard hits you with a +0 dagger.
You die...

...'.... ..# ...# #..........
..##...# +...........
...#...# . #............
...#...##.. #.............
...#....... #..............
...#....... #..............
...'....... ..#..............
...#.......$..#o@o...........
...#.........5'.oo...........
...#..........#o.............
...#......... #..............
...#..o..... #.l............
...#....... #............!.
...#..o.... #..............
...# ########..............
...# #.....................


You could see an iguana, an orc wizard, a white imp and 4 orcs.

Vanquished Creatures
  An adder (D:5)
1 creature vanquished.

Notes
Turn   | Place    | Note
-------+----------+-------------------------------------------
     0 | D:5      | murtidash the Hill Orc Delver began the quest for the Orb.
     0 | D:5      | Reached XP level 1. HP: 19/19 MP: 1/1
    28 | D:5      | Noticed a hound
    48 | D:5      | Reached skill level 4 in Fighting
    48 | D:5      | Reached skill level 3 in Axes
    48 | D:5      | Reached XP level 2. HP: 15/27 MP: 2/2
   322 | D:5      | HP: 3/27 [orc (6)]
   323 | D:5      | Slain by an orc wizard

Illustrated notes

Levels and vault maps discovered:
D:5:      layout_gridville, uniq_edmund

Skill      XL: |  1 |
---------------+----+-----
Fighting       | 4 |  4.0
Axes           | 3 |  3.2
Dodging        | |  1.5
Stealth        | |  4.1

Action                   || total
-------------------------++-------
Melee: Hand axe          ||     2
Armor: Leather armour    ||     5
Dodge: Dodged            ||     4

Table legend: (Time is in decaauts)
 A = Elapsed time spent in this place.
 B = Non-inter-level travel time spent in this place.
 C = Inter-level travel time spent in this place.
 D = Time resting spent in this place.
 E = Time spent auto-exploring this place.
 F = Levels seen in this place.
 G = Mean time per level.
                   A        B        C        D        E       F      G
               +--------+--------+--------+--------+--------+-----+--------+
         Total |    323 |    323 |      0 |      0 |    168 |   1 |  323.0 |
       Dungeon |    323 |    323 |      0 |      0 |    168 |   1 |  323.0 |
               +--------+--------+--------+--------+--------+-----+--------+

Top non-repeatable levels by time:
     D:5: 323 daAuts

Table legend:
 A = Kills in this place as a percentage of kills in entire the game.
 B = Kills by you in this place as a percentage of kills by you in the entire game.
 C = Kills by friends in this place as a percentage of kills by friends in the entire game.
 D = Other kills in this place as a percentage of other kills in the entire game.
 E = Experience gained in this place as a percentage of experience gained in the entire game.
 F = Experience gained in this place divided by the number of levels of this place that you have seen.
                   A       B       C       D       E      F
               +-------+-------+-------+-------+-------+----------------------
         Total | 100.0 | 100.0 |   N/A |   N/A | 100.0 |  13.0
       Dungeon | 100.0 | 100.0 |   N/A |   N/A | 100.0 |  13.0
               +-------+-------+-------+-------+-------+----------------------
